 Dungeon Crawl Stone Soup version 0.17-a0-1996-gd2c0ec8 (webtiles) character file.

13115 glosham the Slicer (level 12, 0/89 HPs)
             Began as a Human Summoner on Oct 7, 2015.
             Was a Priest of Sif Muna.
             Slain by an orc warrior
             ... wielding a +0 trident
              (7 damage)
             ... on level 3 of the Orcish Mines.
             The game lasted 04:20:08 (10801 turns).

glosham the Slicer (Human Summoner)                Turns: 10801, Time: 04:20:08

Health: 0/89       AC: 13    Str:  9 (10) XL:     12   Next: 28%
Magic:  19/23      EV: 14    Int: 25      God:    Sif Muna [***...]
Gold:   1084       SH:  7    Dex: 14      Spells: 4 memorised, 14 levels left

rFire  . . .     SeeInvis .     a - +7 short sword "Zogeok" {vamp, Int+6}
rCold  . . .     Clarity  .     X - +4 troll leather armour
rNeg   + + .     SustAt   .     Z - +2 buckler {rN+}
rPois  .         Gourm    .     U - +2 hat
rElec  .         Spirit   .     Y - +0 cloak of the Voivode {rN+} (curse)
rCorr  .         Warding  .     V - +0 pair of gloves
rMut   .         Stasis   .     W - +0 pair of boots
MR     .....                    z - amulet of regeneration
Stlth  +.........               (no ring)
                                (no ring)

@: liquid flames, very slightly contaminated, hasted, glowing, very quick, not
resistant to hostile enchantments, very unstealthy
A: no striking features
a: Channel Energy, Forget Spell, Renounce Religion


You were on level 3 of the Orcish Mines.
You worshipped Sif Muna.
Sif Muna was most pleased with you.
You were not hungry.

You visited 3 branches of the dungeon, and saw 13 of its levels.
You also visited: Sewer and Volcano.

You collected 1433 gold pieces.
You spent 349 gold pieces at shops.

Inventory:

Hand Weapons
 a - the +7 short sword "Zogeok" (weapon) {vamp, Int+6}
   (You found it on level 4 of the Dungeon)

   It inflicts no extra harm, but heals its wielder somewhat when it strikes a
   living foe.
   It affects your intelligence (+6).
 h - a +5 eveningstar of flaming
Missiles
 c - 11 javelins (quivered)
Armour
 R - a +2 robe of magic resistance
 S - the -2 buckler of the Cuttlefish {+Fly rF+ Dex+2}
   (You found it on level 6 of the Dungeon)

   It affects your dexterity (+2).
   It protects you from fire.
   It lets you fly.
 T - a +1 leather armour of cold resistance
 U - a +2 hat (worn)
 V - a +0 pair of gloves (worn)
 W - a +0 pair of boots (worn)
 X - a +4 troll leather armour (worn)
 Y - the cursed +0 cloak of the Voivode (worn) {rN+}
   (You bought it in a shop on level 5 of the Dungeon)

   It protects you from negative energy.
   It has a curse placed upon it.
 Z - a +2 buckler of positive energy (worn)
Jewellery
 z - an amulet of regeneration (around neck)
 C - an uncursed ring of ice
 Q - an uncursed ring of teleportation
Wands
 g - a wand of fire (0)
Scrolls
 i - 2 scrolls of teleportation
 l - a scroll of recharging
 o - 3 scrolls of remove curse
Potions
 d - a potion of cure mutation {!q}
 f - a potion of brilliance
 m - a potion of experience {unknown}
 q - 2 potions of berserk rage {unknown}
 w - 2 potions of lignification
 y - 3 potions of flight
 B - 5 potions of curing
Comestibles
 k - 7 bread rations


   Skills:
 + Level 6.3 Fighting
 * Level 8.9 Short Blades
 - Level 1.8 Maces & Flails
 - Level 2.4 Armour
 + Level 5.6 Dodging
 - Level 2.0 Stealth
 - Level 4.0 Shields
 - Level 7.6 Spellcasting
 * Level 3.9 Conjurations
 * Level 6.6 Summonings
 - Level 8.4 Air Magic
 - Level 2.1 Invocations


You had 14 spell levels left.
You knew the following spells:

 Your Spells              Type           Power        Failure   Level  Hunger
c - Call Canine Familiar  Summ           #####...     1%          3    None
i - Call Imp              Summ           #####...     1%          2    None
z - Summon Lightning Spi  Summ/Air       #####...     4%          4    ##.....
E - Static Discharge      Conj/Air       #####...     1%          3    None


Dungeon Overview and Level Annotations

Branches:
Dungeon (9/15)             Temple (1/1) D:4            Lair (0/8) D:9
    Orc (3/4) D:9
    Elf: Orc:3-4

Altars:
Ashenzari
Cheibriados
Dithmenos
Elyvilon
Fedhas
Gozag
Kikubaaqudgha
Makhleb
Nemelex Xobeh
Okawaru
Qazlal
Ru
Sif Muna
Trog
Vehumet
Xom
Yredelemnul
Zin
The Shining One
Beogh

Shops:
D:5 [   D:6 }   Orc:2 }

Annotations:
D:4 grate vault


Message History

You are engulfed in a cloud of scalding steam.
The orc high priest completely misses you.
You hit the orc high priest but do no damage.
The orc high priest is severely wounded.
You are engulfed in a cloud of scalding steam.
The smoke demon gestures at you. The sticky flame hits you!
You are covered in liquid flames!
The orc warrior barely misses you.
You hear some strange, mumbled words.
Something tries to affect you, but you resist.
Drink which item? (? for menu, Esc to quit)
You feel much better.
You are covered in liquid flames!
The smoke demon disappears in a puff of smoke!
The orc high priest completely misses you.
You hit the orc high priest.
You feel better.
The orc high priest is severely wounded.
You are covered in liquid flames!
Something hits you but does no damage. The orc warrior misses you.
You hit the orc high priest but do no damage.
The orc high priest is severely wounded.
You are covered in liquid flames!
The sixfirhy hits you! The sixfirhy shocks you!
The orc hits you with a falchion. The sixfirhy hits you!
* * * LOW HITPOINT WARNING * * *
The sixfirhy shocks you!
* * * LOW HITPOINT WARNING * * *
Drink which item? (? for menu, Esc to quit)
You feel better.
You are covered in liquid flames!
* * * LOW HITPOINT WARNING * * *
You block the sixfirhy's attack. The sixfirhy completely misses you.
You block the orc high priest's attack. Something hits you.
* * * LOW HITPOINT WARNING * * *
Your lightning spire shoots out a bolt of lightning at the sixfirhy!
The bolt of electricity hits the sixfirhy.
The sixfirhy seems to be charged up!
The orc warrior hits you from afar with a trident!
You die...

##..8.... #..... ##.............
#....# #.....8..8..8) #.....
##............ #.)...
#..........). ##.#..
##.......8.)8. #.....
##........o.... ##..#.#
#####.........oo###### #...##.
##.#....#......{@4....# #...###
#.............#......## ###.#.##
##.............8....## ##...)..#
##...##.............# ##....#.##
#....##.........#.####......##.
##.....#....#.....###......)..).
#...#.##...###....#......##.....
##.######.##.............#.....#
### ###...........#.###).###


You could see an orc high priest, a sixfirhy, an orc warrior, an orc and a
friendly lightning spire.

Vanquished Creatures
  Gastronok (Orc:2)
  Erica (D:8)
  An orc sorcerer (Orc:3)
  2 salamanders (Volcano)
  Maurice (Orc:2)
  2 molten gargoyles (Volcano)
  2 trolls (D:9)
  Prince Ribbit (D:6)
  Sigmund (D:2)
  A wyvern (D:8)
  A hungry ghost (D:9)
  Eustachio (D:6)
  2 yaks (D:8)
  A hog (D:7)
  A fire bat (Volcano)
  A hippogriff (D:8)
  A warg (Orc:2)
  2 slaves (D:7)
  A sky beast (D:7)
  A phantom (D:8)
  A black bear (D:6)
  2 ice beasts
  2 orc warriors
  3 centaurs
  3 ogres
  2 crocodiles
  4 giant frogs
  2 big kobolds
  2 scorpions
  An electric eel (Orc:3)
  5 crimson imps
  2 centaur zombies
  A giant frog skeleton (D:6)
  4 hounds
  An iguana (D:9)
  14 orc wizards
  A jelly (D:8)
  4 orc priests
  2 worker ants
  Jessica (D:2)
  Natasha (D:3)
  A sheep (D:7)
  4 gnolls
  2 adders
  A shadow imp (D:8)
  An ooze (Sewer)
  An adder skeleton (D:7)
  2 worms
  54 orcs
  5 giant cockroaches
  7 goblins
  6 hobgoblins
  2 jackals (D:6)
  13 kobolds
  A quokka (D:6)
  2 ball pythons (Sewer)
  11 bats
  7 giant geckos
  2 giant gecko skeletons
  9 giant newts
  A quokka skeleton (D:8)
  14 rats
  A butterfly (D:4)
  A plant (D:1)
231 creatures vanquished.

Vanquished Creatures (collateral kills)
  Snorg (Orc:1)
  A hydra (D:8)
  Nergalle (Orc:1)
  A salamander mystic (Volcano)
  Pikel (D:7)
  A harpy (shapeshifter) (D:8)
  An orc knight (Orc:3)
  3 salamanders (Volcano)
  3 trolls
  A yak (D:8)
  A hog (D:7)
  A human (D:7)
  2 hippogriffs
  A hungry ghost (D:8)
  Edmund (D:4)
  14 orc warriors
  2 slaves (D:7)
  2 ice beasts
  A black bear (D:6)
  4 ogres
  A giant frog (D:8)
  A big kobold (Sewer)
  4 scorpions
  4 crimson imps
  A hound (D:8)
  7 orc priests
  2 jellies
  8 orc wizards
  2 iguanas (D:7)
  2 worker ants
  A sheep (D:7)
  Robin (D:2)
  10 adders
  5 gnolls
  2 river rats (D:3)
  An ooze (D:1)
  2 giant geckos (D:7)
  50 orcs
  2 ball pythons
  3 bats
  A giant cockroach (D:1)
  4 goblins
  2 hobgoblins
  A jackal (D:6)
  A giant newt (D:7)
  11 kobolds
  A rat (D:3)
  A butterfly (D:4)
174 creatures vanquished.

Vanquished Creatures (others)
  An orc priest (Orc:1)
  An iguana (D:4)
  5 plants (D:7)
7 creatures vanquished.

Grand Total: 412 creatures vanquished

Notes
Turn   | Place    | Note
--------------------------------------------------------------
     0 | D:1      | glosham the Human Summoner began the quest for the Orb.
     0 | D:1      | Reached XP level 1. HP: 13/13 MP: 3/3
   109 | D:1      | Reached skill level 1 in Fighting
   181 | D:1      | Reached XP level 2. HP: 8/21 MP: 5/5
   187 | D:1      | Learned a level 2 spell: Call Imp
   347 | D:1      | Reached skill level 2 in Fighting
   529 | D:1      | Reached XP level 3. HP: 21/28 MP: 3/6
  1153 | D:1      | Learned a level 3 spell: Call Canine Familiar
  1182 | D:2      | Noticed Sigmund
  1511 | D:2      | Reached skill level 3 in Fighting
  1561 | D:2      | Reached XP level 4. HP: 35/35 MP: 0/7
  1787 | D:2      | Noticed Robin
  1795 | D:2      | Killed Robin
  1852 | D:2      | Noticed Jessica
  1867 | D:2      | Killed Jessica
  1945 | D:2      | Killed Sigmund
  1945 | D:2      | Reached skill level 5 in Fighting
  1945 | D:2      | Reached XP level 5. HP: 41/44 MP: 1/8
  1945 | D:2      | Reached XP level 6. HP: 47/51 MP: 1/9
  2007 | D:2      | Learned a level 4 spell: Summon Lightning Spire
  2238 | D:3      | Found a glowing drain.
  2422 | D:3      | Found a bloodstained altar of Trog.
  2441 | D:3      | Reached skill level 1 in Air Magic
  2579 | Sewer    | Entered a sewer
  2973 | Sewer    | Reached skill level 1 in Maces & Flails
  2973 | Sewer    | Reached skill level 2 in Air Magic
  2973 | Sewer    | Reached XP level 7. HP: 52/56 MP: 3/11
  3272 | D:3      | Noticed Natasha
  3279 | D:3      | Killed Natasha
  3279 | D:3      | Reached skill level 3 in Spellcasting
  3755 | D:4      | Found a shimmering altar of Xom.
  3825 | D:4      | Noticed Edmund
  3840 | D:4      | Got a polished short sword
  3898 | D:4      | Found a staircase to the Ecumenical Temple.
  3912 | Temple   | Entered the Ecumenical Temple
  3991 | Temple   | Identified the +7 short sword "Zogeok" {vamp, Int+6} (You found it on level 4 of the Dungeon)
  4093 | D:4      | Reached skill level 1 in Shields
  4133 | D:4      | You fall through a shaft!
  4133 | D:5      | Entered Level 5 of the Dungeon
  4170 | D:5      | Reached skill level 1 in Short Blades
  4170 | D:5      | Reached skill level 2 in Shields
  4189 | D:5      | Found Tutuwny's Armour Boutique.
  4192 | D:5      | Bought a +2 robe of magic resistance for 177 gold pieces
  4203 | D:5      | Bought a +0 pair of gloves for 45 gold pieces
  4391 | D:4      | Killed Edmund
  4391 | D:4      | Reached skill level 2 in Short Blades
  4391 | D:4      | Reached skill level 3 in Air Magic
  4391 | D:4      | Reached XP level 8. HP: 28/62 MP: 5/13
  4424 | D:4      | Found a glowing silver altar of Zin.
  4875 | D:5      | Reached skill level 3 in Short Blades
  4904 | D:5      | Reached skill level 4 in Spellcasting
  5003 | D:5      | Found a snail-covered altar of Cheibriados.
  5011 | D:5      | Found a shadowy altar of Dithmenos.
  5012 | D:5      | Found a sparkling altar of Nemelex Xobeh.
  5205 | D:6      | Noticed Prince Ribbit
  5226 | D:6      | Killed Prince Ribbit
  5226 | D:6      | Reached skill level 4 in Air Magic
  5305 | D:6      | Noticed Eustachio
  5314 | D:6      | Killed Eustachio
  5314 | D:6      | Reached XP level 9. HP: 16/68 MP: 3/15
  5477 | D:6      | Reached skill level 4 in Short Blades
  5484 | D:6      | Found Fiaclies's Gadget Boutique.
  5688 | D:6      | Reached skill level 5 in Air Magic
  5779 | D:6      | Got a polished buckler
  5790 | D:6      | Identified the cursed -2 buckler of the Cuttlefish {+Fly rF+ Dex+2} (You found it on level 6 of the Dungeon)
  5842 | D:6      | Reached skill level 5 in Summonings
  6033 | D:7      | Reached skill level 5 in Spellcasting
  6205 | D:7      | Found a deep blue altar of Sif Muna.
  6224 | D:7      | Became a worshipper of Sif Muna the Loreminder
  6266 | D:7      | Reached skill level 5 in Short Blades
  6266 | D:7      | Reached skill level 3 in Shields
  6312 | D:7      | Noticed Pikel
  6321 | D:7      | Killed Pikel
  6399 | D:7      | Reached skill level 3 in Dodging
  6550 | D:7      | Reached skill level 6 in Air Magic
  6554 | D:7      | Reached XP level 10. HP: 74/74 MP: 14/18
  6815 | D:5      | Bought the cursed +0 cloak of the Voivode {rN+} for 127 gold pieces
  6907 | D:8      | Noticed an eight-headed hydra
  6907 | D:8      | Noticed a harpy
  6907 | D:8      | a hippogriff changed into a harpy
  6913 | D:8      | HP: 7/74 [eight-headed hydra (13)]
  6917 | D:8      | Killed a harpy
  6917 | D:8      | Reached skill level 6 in Spellcasting
  6918 | D:8      | Gained mutation: You evolve. [potion of beneficial mutation]
  6919 | D:8      | Gained mutation: You can breathe flames. [potion of beneficial mutation]
  6924 | D:8      | Killed an eight-headed hydra
  6924 | D:8      | Acquired Sif Muna's first power
  6924 | D:8      | Reached skill level 6 in Short Blades
  6979 | D:7      | Learned a level 3 spell: Static Discharge
  7079 | D:8      | Reached skill level 4 in Shields
  7265 | D:8      | Reached skill level 7 in Air Magic
  7357 | D:8      | Reached skill level 4 in Dodging
  7455 | D:8      | Reached skill level 1 in Invocations
  7514 | D:8      | Noticed Erica
  7555 | D:8      | Reached skill level 7 in Spellcasting
  7576 | D:8      | Killed Erica
  7576 | D:8      | Acquired Sif Muna's second power
  7576 | D:8      | Reached skill level 7 in Short Blades
  7576 | D:8      | Reached XP level 11. HP: 68/80 MP: 3/21
  7686 | D:8      | Reached skill level 2 in Invocations
  8155 | D:9      | Found a staircase to the Lair.
  8160 | D:9      | Upgraded the game from 0.17-a0-1987-gaf5a542 to 0.17-a0-1996-gd2c0ec8
  8480 | D:9      | Reached skill level 8 in Air Magic
  8500 | D:9      | Found a deep blue altar of Sif Muna.
  8757 | D:9      | Found a staircase to the Orcish Mines.
  8758 | D:9      | Found a roughly hewn altar of Beogh.
  8816 | Orc:1    | Entered Level 1 of the Orcish Mines
  8947 | Orc:2    | Noticed Gastronok
  8966 | Orc:2    | Noticed Maurice
  8993 | Orc:2    | Killed Gastronok
  8993 | Orc:2    | Reached skill level 1 in Conjurations
  9004 | Orc:2    | Killed Maurice
  9004 | Orc:2    | Reached skill level 8 in Short Blades
  9051 | Orc:2    | Found Xeqof's Gadget Emporium.
  9213 | Orc:1    | Noticed Nergalle
  9217 | Orc:1    | Noticed a spectral orc warlord
  9228 | Orc:1    | Noticed a spectral orc warlord
  9228 | Orc:1    | Lost mutation: You can breathe flames. [potion of cure mutation]
  9228 | Orc:1    | Lost mutation: You evolve. [potion of cure mutation]
  9250 | Orc:1    | Killed Nergalle
  9250 | Orc:1    | Reached skill level 5 in Dodging
  9250 | Orc:1    | Reached skill level 2 in Conjurations
  9316 | Orc:2    | Found a dark tunnel.
  9364 | Volcano  | Entered a volcano
  9416 | Volcano  | Found a bloodstained altar of Trog.
  9416 | Volcano  | Noticed a salamander mystic
  9444 | Volcano  | Killed a salamander mystic
  9444 | Volcano  | Reached skill level 1 in Armour
  9448 | Volcano  | Reached skill level 6 in Summonings
  9518 | Volcano  | Reached skill level 6 in Fighting
  9539 | Volcano  | Reached skill level 3 in Conjurations
  9539 | Volcano  | Reached XP level 12. HP: 79/88 MP: 19/23
  9788 | Orc:1    | Noticed Snorg
  9797 | Orc:1    | Killed Snorg
  9797 | Orc:1    | Reached skill level 2 in Armour
 10765 | Orc:3    | Noticed an orc high priest
 10800 | Orc:3    | HP: 3/89 [sixfirhy[an orc high priest] (9)]
 10801 | Orc:3    | Slain by an orc warrior

Vault maps used:
D:1:      minmay_arrival_arboretum_large, lexackson_kobold_supper
D:2:      uniq_sigmund, uniq_robin, uniq_jessica
D:3:      lemuel_round_altar, portal_sewer_entry_c, first_bread, uniq_natasha
D:4:      zin_scriptorium, xom_butterflies, minmay_temple_entry_crystal_x,
          uniq_edmund
D:5:      minitemple, serial_shops, nicolae_shop_window_shopping
D:6:      serial_shops, shop, uniq_eustachio, uniq_prince_ribbit1
D:7:      lemuel_coloured_pillars_altar, grunt_livestock, nicolae_water_bricks,
          minmay_lizard_king, uniq_pikel
D:8:      minmay_diamond_stairs, uniq_erica
D:9:      kennysheep_orc_sif_temple, lair_0_dummy, david_orc_5,
          eino_small_chamber_without_monster
Temple:   jpeg_temple_clearing_12
Orc:1:    nicolae_orc_rich_vein, uniq_snorg, uniq_nergalle
Orc:2:    serial_shops, shop_fountains, lightli_volcano_entry_magma_tube,
          uniq_maurice, uniq_gastronok
Orc:3:    nicolae_orc_pool_cavern, nicolae_orc_flooded_monolith,
          bh_open_orc_temple
Sewer:    kennysheep_pipe_town
Volcano:  volcano_lake

Action                   |  1- 3 |  4- 6 |  7- 9 | 10-12 || total
-------------------------+-------+-------+-------+-------++-------
Melee: Dagger            |    37 |       |       |       ||    37
       Unarmed           |    15 |       |       |       ||    15
       Short sword       |   126 |   125 |   230 |   412 ||   893
       Whip              |       |     9 |    32 |       ||    41
Throw: Stone             |       |     4 |       |       ||     4
       Tomahawk          |       |       |       |     2 ||     2
       Javelin           |       |       |       |     1 ||     1
 Cast: Summon Small Mamm |     9 |       |       |       ||     9
       Call Imp          |    13 |    37 |    63 |     1 ||   114
       Call Canine Famil |       |     1 |     5 |       ||     6
       Summon Lightning  |       |       |     8 |    56 ||    64
       Static Discharge  |       |       |       |     5 ||     5
 Abil: Evoke Flight      |       |       |     1 |       ||     1
Evoke: Wand              |       |       |     3 |     3 ||     6
  Use: Scroll            |     3 |     5 |     7 |    10 ||    25
       Potion            |       |     1 |       |    28 ||    29
 Stab: Sleeping          |     1 |     1 |     6 |    10 ||    18
       Distracted        |       |     2 |     7 |     8 ||    17
  Eat: Chunk             |     3 |     8 |    15 |    21 ||    47
       Fruit             |       |       |    10 |       ||    10

Table legend:
 A = Turns spent in this place as a percentage of turns spent in the entire game.
 B = Non-inter-level travel turns spent in this place as a percentage of non-inter-level travel turns spent in the entire game.
 C = Inter-level travel turns spent in this place as a percentage of turns spent in this place.
 D = Turns resting spent in this place as a percentage of non-inter-level travel turns spent in this place.
 E = Turns spent auto-exploring this place as a percentage of non-inter-level travel turns spent in this place.
 F = Non-inter-level travel turns spent in this place divided by the number of levels of this place that you've seen.
                   A       B       C       D       E      F
               +-------+-------+-------+-------+-------+----------------------
         Total | 100.0 | 100.0 |   0.6 |   0.4 |   0.2 | 557.5
       Dungeon |  73.5 |  73.4 |   0.7 |   0.4 |   0.2 | 681.8
        Temple |   1.2 |   1.2 |   1.0 |   2.1 |   1.0 |  97.0
  Orcish Mines |  18.2 |  18.3 |   0.5 |   0.0 |   0.4 | 509.0
         Sewer |   4.2 |   4.2 |   0.0 |   0.6 |   0.0 | 350.0
       Volcano |   3.0 |   3.0 |   0.0 |   3.6 |   0.0 | 252.0
               +-------+-------+-------+-------+-------+----------------------

Table legend:
 A = Kills in this place as a percentage of kills in entire the game.
 B = Kills by you in this place as a percentage of kills by you in the entire game.
 C = Kills by friends in this place as a percentage of kills by friends in the entire game.
 D = Other kills in this place as a percentage of other kills in the entire game.
 E = Experience gained in this place as a percentage of experience gained in the entire game.
 F = Experience gained in this place divided by the number of levels of this place that you have seen.
                   A       B       C       D       E      F
               +-------+-------+-------+-------+-------+----------------------
         Total | 100.0 | 100.0 | 100.0 | 100.0 | 100.0 | 1249.1
       Dungeon |  65.0 |  70.9 |  57.3 |  50.0 |  53.7 | 1117.7
  Orcish Mines |  27.0 |  19.4 |  36.8 |  50.0 |  29.1 | 1816.3
         Sewer |   5.8 |   7.5 |   3.5 |   0.0 |   0.9 | 177.0
       Volcano |   2.2 |   2.2 |   2.3 |   0.0 |  16.3 | 3051.0
               +-------+-------+-------+-------+-------+----------------------

Vault maps used:
D:1:      minmay_arrival_arboretum_large, lexackson_kobold_supper
D:2:      uniq_sigmund, uniq_robin, uniq_jessica
D:3:      lemuel_round_altar, portal_sewer_entry_c, first_bread, uniq_natasha
D:4:      zin_scriptorium, xom_butterflies, minmay_temple_entry_crystal_x,
          uniq_edmund
D:5:      minitemple, serial_shops, nicolae_shop_window_shopping
D:6:      serial_shops, shop, uniq_eustachio, uniq_prince_ribbit1
D:7:      lemuel_coloured_pillars_altar, grunt_livestock, nicolae_water_bricks,
          minmay_lizard_king, uniq_pikel
D:8:      minmay_diamond_stairs, uniq_erica
D:9:      kennysheep_orc_sif_temple, lair_0_dummy, david_orc_5,
          eino_small_chamber_without_monster
Temple:   jpeg_temple_clearing_12
Orc:1:    nicolae_orc_rich_vein, uniq_snorg, uniq_nergalle
Orc:2:    serial_shops, shop_fountains, lightli_volcano_entry_magma_tube,
          uniq_maurice, uniq_gastronok
Orc:3:    nicolae_orc_pool_cavern, nicolae_orc_flooded_monolith,
          bh_open_orc_temple
Sewer:    kennysheep_pipe_town
Volcano:  volcano_lake
